TOP OF THE 1ST |
Greenville Drive batting - Pitching for Kannapolis Intimidators : RHP Emilio Gonzalez
|
Pitching: RHP Emilio Gonzalez
|
|
Batting: LHB Nelis Geurts
|
0-0: Ground out 6-3 (Groundball, 4MD, EV 105.0 MPH)
|
Batting: LHB Carlos Guerra
|
0-0: Called Strike 0-1: Fly out, F8 (Flyball, 8RXD, EV 106.9 MPH)
|
Batting: RHB Joe Sandoval
|
0-0: Ball 1-0: Ground out 6-3 (Groundball, 6, EV 91.2 MPH)
|
Top of the 1st over - 0 runs, 0 hits, 0 errors, 0 left on base; Greenville 0 - Kannapolis 0 |
BOTTOM OF THE 1ST |
Kannapolis Intimidators batting - Pitching for Greenville Drive : RHP Nherbert Silivan
|
Pitching: RHP Nherbert Silivan
|
|
Batting: SHB Jay Gagnon
|
0-0: Fly out, F9 (Flyball, BS7, EV 105.0 MPH)
|
Batting: LHB Dalton Silveira
|
0-0: Fly out, F7 (Flyball, 7S, EV 79.4 MPH)
|
Batting: SHB Ruben Velasco Jr.
|
0-0: Foul Ball, location: 2F 0-1: Ball 1-1: Called Strike 1-2: Strikes out swinging
|
Bottom of the 1st over - 0 runs, 0 hits, 0 errors, 0 left on base; Greenville 0 - Kannapolis 0 |
TOP OF THE 2ND |
Greenville Drive batting - Pitching for Kannapolis Intimidators : RHP Emilio Gonzalez
|
Batting: LHB John Criswell
|
0-0: Foul Ball, location: 2F 0-1: Foul Ball, location: 2F 0-2: Ball 1-2: Strikes out looking
|
Batting: RHB Travis Campbell
|
0-0: Called Strike 0-1: Swinging Strike 0-2: Strikes out swinging
|
Batting: LHB Danny Montoya
|
0-0: Ball 1-0: Swinging Strike 1-1: Ball 2-1: Ball 3-1: Base on Balls
|
Batting: RHB Adugna Chandu
|
0-0: Called Strike Danny Montoya steals 2nd base 0-1: Swinging Strike 0-2: Ball 1-2: Strikes out swinging
|
Top of the 2nd over - 0 runs, 0 hits, 0 errors, 1 left on base; Greenville 0 - Kannapolis 0 |
BOTTOM OF THE 2ND |
Kannapolis Intimidators batting - Pitching for Greenville Drive : RHP Nherbert Silivan
|
Batting: RHB Mike Manchester
|
0-0: Ball 1-0: Called Strike 1-1: Ball 2-1: Fly out, F9 (Flyball, 9LM, EV 73.1 MPH)
|
Batting: RHB Mike Warzecha
|
0-0: Called Strike 0-1: Ball 1-1: Foul Ball, location: 2F 1-2: Hit by Pitch
|
Batting: LHB Edgar Castillo
|
0-0: Foul Ball, location: 2F 0-1: Called Strike 0-2: Ball 1-2: Ground out 5-3 (Groundball, 5S, EV 73.1 MPH) Mike Warzecha to second
|
Batting: RHB Edgar Landim
|
0-0: Fly out, F9 (Flyball, 9D, EV 95.6 MPH)
|
Bottom of the 2nd over - 0 runs, 0 hits, 0 errors, 1 left on base; Greenville 0 - Kannapolis 0 |
TOP OF THE 3RD |
Greenville Drive batting - Pitching for Kannapolis Intimidators : RHP Emilio Gonzalez
|
Batting: RHB Miguel Villanueva
|
0-0: Called Strike 0-1: Ball 1-1: Ball 2-1: Called Strike 2-2: SINGLE (Line Drive, 8RS, EV 101.2 MPH)
|
Batting: RHB Paul Long
|
0-0: Called Strike 0-1: Ball 1-1: Swinging Strike 1-2: Foul Ball, location: 2F 1-2: Foul Ball, location: 2F 1-2: Strikes out swinging
|
Batting: LHB Nelis Geurts
|
0-0: Ball 1-0: Ball 2-0: Fielders Choice at 2nd, 3-6 (Groundball, 3, EV 101.2 MPH)
|
Batting: LHB Carlos Guerra
|
0-0: Called Strike Nelis Geurts is caught stealing 2nd base 2-6
|
Top of the 3rd over - 0 runs, 1 hit, 0 errors, 0 left on base; Greenville 0 - Kannapolis 0 |
BOTTOM OF THE 3RD |
Kannapolis Intimidators batting - Pitching for Greenville Drive : RHP Nherbert Silivan
|
Batting: RHB Jose Marquez
|
0-0: Ball 1-0: Called Strike 1-1: Foul Ball, location: 2F 1-2: Ball 2-2: Ball 3-2: Base on Balls
|
Batting: RHB Dunlang Clark
|
0-0: SINGLE (Line Drive, 8RS, EV 111.2 MPH) Jose Marquez to second
|
Batting: SHB Jay Gagnon
|
0-0: Ball 1-0: Called Strike 1-1: Foul Ball, location: 2F 1-2: Ball 2-2: Foul Ball, location: 2F 2-2: Fielders Choice at 2nd, 3-6 (Groundball, 3, EV 82.5 MPH) Jose Marquez to third
|
Batting: LHB Dalton Silveira
|
0-0: Fielders Choice at 2nd, 6-4 (Groundball, 6MS, EV 93.1 MPH) Jose Marquez scores
|
Batting: SHB Ruben Velasco Jr.
|
0-0: Ball Dalton Silveira steals 2nd base 1-0: Ball 2-0: Called Strike 2-1: Ball 3-1: Swinging Strike 3-2: DOUBLE (Flyball, 9LD, EV 101.2 MPH) Dalton Silveira scores
|
Batting: RHB Mike Manchester
|
0-0: Called Strike 0-1: Ball 1-1: Ground out U3 (Groundball, 3, EV 87.5 MPH)
|
Bottom of the 3rd over - 2 runs, 2 hits, 0 errors, 1 left on base; Greenville 0 - Kannapolis 2 |
TOP OF THE 4TH |
Greenville Drive batting - Pitching for Kannapolis Intimidators : RHP Emilio Gonzalez
|
Batting: LHB Carlos Guerra
|
0-0: Ball 1-0: Ball 2-0: Called Strike 2-1: Foul Ball, location: 2F 2-2: Ball 3-2: Ground out 5-3 (Groundball, 5, EV 84.4 MPH)
|
Batting: RHB Joe Sandoval
|
0-0: Ball 1-0: Called Strike 1-1: Foul Ball, location: 2F 1-2: Ball 2-2: Ground out 4-3 (Groundball, 4, EV 81.2 MPH)
|
Batting: LHB John Criswell
|
0-0: Ground out 5-3 (Groundball, 56S, EV 68.8 MPH)
|
Top of the 4th over - 0 runs, 0 hits, 0 errors, 0 left on base; Greenville 0 - Kannapolis 2 |
BOTTOM OF THE 4TH |
Kannapolis Intimidators batting - Pitching for Greenville Drive : RHP Nherbert Silivan
|
Batting: RHB Mike Warzecha
|
0-0: Called Strike 0-1: Called Strike 0-2: Strikes out swinging
|
Batting: LHB Edgar Castillo
|
0-0: Ball 1-0: Called Strike 1-1: Foul Ball, location: 2F 1-2: SINGLE (Line Drive, 78S, EV 104.4 MPH)
|
Batting: RHB Edgar Landim
|
0-0: Called Strike Edgar Castillo steals 2nd base (no throw) 0-1: Fly out, F8 (Flyball, 8LD, EV 93.1 MPH)
|
Batting: RHB Jose Marquez
|
0-0: Swinging Strike 0-1: Swinging Strike 0-2: Foul Ball, location: 2F 0-2: Ball 1-2: Ground out 4-3 (Groundball, 6M, EV 101.9 MPH)
|
Bottom of the 4th over - 0 runs, 1 hit, 0 errors, 1 left on base; Greenville 0 - Kannapolis 2 |
TOP OF THE 5TH |
Greenville Drive batting - Pitching for Kannapolis Intimidators : RHP Emilio Gonzalez
|
Batting: RHB Travis Campbell
|
0-0: Ball 1-0: Ball 2-0: Called Strike 2-1: Fly out, F6 (Popup, 6, EV 62.5 MPH)
|
Batting: LHB Danny Montoya
|
0-0: Swinging Strike 0-1: Ground out 4-3 (Groundball, 4, EV 84.4 MPH)
|
Batting: RHB Adugna Chandu
|
0-0: Ball 1-0: Ball 2-0: Foul Ball, location: 2F 2-1: Ball 3-1: Base on Balls
|
Batting: RHB Miguel Villanueva
|
0-0: Ball 1-0: Foul Ball, location: 2F 1-1: Foul Ball, location: 2F 1-2: Strikes out looking
|
Top of the 5th over - 0 runs, 0 hits, 0 errors, 1 left on base; Greenville 0 - Kannapolis 2 |
BOTTOM OF THE 5TH |
Kannapolis Intimidators batting - Pitching for Greenville Drive : RHP Nherbert Silivan
|
Batting: RHB Dunlang Clark
|
0-0: Ball 1-0: Ball 2-0: Foul Ball, location: 2F 2-1: Ground out 5-3 (Groundball, 56S, EV 85.6 MPH)
|
Batting: SHB Jay Gagnon
|
0-0: Ball 1-0: Reached on error, E3 (Groundball, 3, EV 103.8 MPH)
|
Batting: LHB Dalton Silveira
|
0-0: Foul Ball, location: 2F 0-1: Called Strike Jay Gagnon is caught stealing 2nd base 2-6 0-2: Foul Ball, location: 2F 0-2: Ball 1-2: Fly out, F7 (Flyball, 78M, EV 93.1 MPH)
|
Bottom of the 5th over - 0 runs, 0 hits, 1 error, 0 left on base; Greenville 0 - Kannapolis 2 |
TOP OF THE 6TH |
Greenville Drive batting - Pitching for Kannapolis Intimidators : RHP Emilio Gonzalez
|
Batting: RHB Paul Long
|
0-0: Swinging Strike 0-1: Ball 1-1: Foul Ball, location: 2F 1-2: Foul Ball, location: 2F 1-2: Strikes out swinging
|
Batting: LHB Nelis Geurts
|
0-0: Ball 1-0: Foul Ball, location: 2F 1-1: Ground out 5-3 (Groundball, 56S, EV 82.5 MPH)
|
Batting: LHB Carlos Guerra
|
0-0: Called Strike 0-1: Ball 1-1: Foul Ball, location: 2F 1-2: Foul Ball, location: 2F 1-2: Strikes out swinging
|
Top of the 6th over - 0 runs, 0 hits, 0 errors, 0 left on base; Greenville 0 - Kannapolis 2 |
BOTTOM OF THE 6TH |
Kannapolis Intimidators batting - Pitching for Greenville Drive : RHP Nherbert Silivan
|
Batting: SHB Ruben Velasco Jr.
|
0-0: Ball 1-0: Ball 2-0: Swinging Strike 2-1: Foul Ball, location: 2F 2-2: Ball 3-2: Foul Ball, location: 2F 3-2: Base on Balls
|
Batting: RHB Mike Manchester
|
0-0: Fielders Choice at 2nd, 3-6 (Groundball, 3, EV 81.9 MPH)
|
Batting: RHB Mike Warzecha
|
0-0: Called Strike 0-1: Ball 1-1: Foul Ball, location: 2F 1-2: Ball Wild Pitch! Mike Manchester to second 2-2: Hit by Pitch
|
Batting: LHB Edgar Castillo
|
0-0: Ball Mike Manchester steals 3rd base 1-0: Swinging Strike 1-1: Fielders Choice at 2nd, 3-6 (Groundball, 3, EV 87.5 MPH) Mike Manchester scores
|
Pitching: RHP Lukasha Sheigus
|
|
Batting: RHB Edgar Landim
|
0-0: Ball Edgar Castillo steals 2nd base 1-0: Swinging Strike 1-1: Swinging Strike 1-2: Strikes out swinging
|
Bottom of the 6th over - 1 run, 0 hits, 0 errors, 1 left on base; Greenville 0 - Kannapolis 3 |
TOP OF THE 7TH |
Greenville Drive batting - Pitching for Kannapolis Intimidators : RHP Emilio Gonzalez
|
Batting: RHB Joe Sandoval
|
0-0: Foul Ball, location: 2F 0-1: Swinging Strike 0-2: Ball 1-2: Ball 2-2: SINGLE (Line Drive, 7LS, EV 103.1 MPH)
|
Batting: LHB John Criswell
|
0-0: Ball 1-0: Ball 2-0: Called Strike 2-1: Fly out, F6 (Popup, 6M, EV 61.2 MPH)
|
Batting: RHB Travis Campbell
|
0-0: Called Strike 0-1: Swinging Strike 0-2: Ball 1-2: Fielders Choice at 2nd, 1-4 (Groundball, P, EV 67.5 MPH)
|
Batting: LHB Danny Montoya
|
0-0: Fly out, F8 (Flyball, 8RM, EV 93.8 MPH)
|
Top of the 7th over - 0 runs, 1 hit, 0 errors, 1 left on base; Greenville 0 - Kannapolis 3 |
BOTTOM OF THE 7TH |
Kannapolis Intimidators batting - Pitching for Greenville Drive : RHP Lukasha Sheigus
|
Batting: RHB Jose Marquez
|
0-0: Ball 1-0: Foul Ball, location: 2F 1-1: Ball 2-1: Ball 3-1: Called Strike 3-2: Strikes out looking
|
Batting: RHB Dunlang Clark
|
0-0: Ball 1-0: Fly out, F8 (Flyball, 89XD, EV 105.6 MPH)
|
Batting: SHB Jay Gagnon
|
0-0: Swinging Strike 0-1: Foul Ball, location: 2F 0-2: Ball 1-2: Strikes out looking
|
Bottom of the 7th over - 0 runs, 0 hits, 0 errors, 0 left on base; Greenville 0 - Kannapolis 3 |
TOP OF THE 8TH |
Greenville Drive batting - Pitching for Kannapolis Intimidators : RHP Emilio Gonzalez
|
Batting: RHB Adugna Chandu
|
0-0: Ball 1-0: Foul Ball, location: 2F 1-1: Ball 2-1: Ball 3-1: Called Strike 3-2: Foul Ball, location: 2F 3-2: Fly out, F6 (Popup, 6MS, EV 63.8 MPH)
|
Pitching: RHP Chris Worster
|
|
Batting: RHB Miguel Villanueva
|
0-0: Called Strike 0-1: Ball 1-1: Ground out 4-3 (Groundball, 4, EV 83.8 MPH)
|
Batting: RHB Paul Long
|
0-0: Foul Ball, location: 2F 0-1: Foul Ball, location: 2F 0-2: Ball 1-2: SINGLE (Line Drive, 4D, EV 97.5 MPH)
|
Batting: LHB Nelis Geurts
|
0-0: Ball 1-0: Foul Ball, location: 2F 1-1: Ground out 1-3 (Groundball, 13, EV 69.4 MPH)
|
Top of the 8th over - 0 runs, 1 hit, 0 errors, 1 left on base; Greenville 0 - Kannapolis 3 |
BOTTOM OF THE 8TH |
Kannapolis Intimidators batting - Pitching for Greenville Drive : RHP Lukasha Sheigus
|
Batting: LHB Dalton Silveira
|
0-0: SINGLE (Line Drive, 8LS, EV 106.9 MPH)
|
Batting: SHB Ruben Velasco Jr.
|
0-0: Ball Dalton Silveira steals 2nd base 1-0: Swinging Strike 1-1: Swinging Strike 1-2: Hit by Pitch
|
Batting: RHB Mike Manchester
|
0-0: Fly out, F7 (Flyball, 7S, EV 82.5 MPH)
|
Batting: RHB Mike Warzecha
|
0-0: Ball 1-0: Called Strike 1-1: Ball 2-1: Called Strike 2-2: Ball 3-2: 3-RUN HOME RUN (Line Drive, 7D, EV 99.4 MPH), Distance : 375 ft
|
Pitching: RHP Tony Ramos
|
|
Batting: LHB Edgar Castillo
|
0-0: Foul Ball, location: 2F 0-1: Foul Ball, location: 2F 0-2: Foul Ball, location: 2F 0-2: Strikes out swinging
|
Batting: RHB Edgar Landim
|
0-0: Ball 1-0: Fly out, F3 (Popup, 34, EV 62.5 MPH)
|
Bottom of the 8th over - 3 runs, 2 hits, 0 errors, 0 left on base; Greenville 0 - Kannapolis 6 |
TOP OF THE 9TH |
Greenville Drive batting - Pitching for Kannapolis Intimidators : RHP Chris Worster
|
Batting: LHB Carlos Guerra
|
0-0: Ball 1-0: DOUBLE (Line Drive, 78XD, EV 98.1 MPH)
|
Batting: RHB Joe Sandoval
|
0-0: SINGLE (Line Drive, 78S, EV 105.6 MPH) Carlos Guerra to third
|
Batting: LHB John Criswell
|
0-0: Called Strike 0-1: Called Strike 0-2: Ball 1-2: SINGLE (Groundball, 4MD, EV 94.4 MPH) Carlos Guerra scores Joe Sandoval to second
|
Pinch Hitting: SHB Robert Soto
|
0-0: Ball 1-0: Ball 2-0: Fly out, F8 (Flyball, 8LS, EV 88.1 MPH)
|
Batting: LHB Danny Montoya
|
0-0: Called Strike 0-1: Ball 1-1: Foul Ball, location: 2F 1-2: Ball 2-2: Strikes out swinging
|
Batting: RHB Adugna Chandu
|
0-0: Ball 1-0: Called Strike 1-1: Called Strike 1-2: Strikes out swinging
|
Top of the 9th over - 1 run, 3 hits, 0 errors, 2 left on base; Greenville 1 - Kannapolis 6 |
|